 Dungeon Crawl Stone Soup version 0.29-a0-468-ge57f7f99b4 (webtiles) character file.

Game seed: 11692252640736492195

177 timneilson the Covered (level 5, -8/33 HPs)
             Began as a Gargoyle Fighter on May 21, 2022.
             Blown up by Ijyb (22 damage)
             ... with a mindburst bolt
             ... on level 3 of the Dungeon.
             The game lasted 00:05:43 (2245 turns).

timneilson the Covered (Gargoyle Fighter)           Turns: 2245, Time: 00:05:44

Health: -8/33      AC: 20    Str: 22    XL:     5   Next: 57%
Magic:  5/5        EV:  9    Int:  8    God:
Gold:   161        SH:  9    Dex:  9    Spells: 4/4 levels left

rFire   . . .      SeeInvis .   a - +1 long sword (protect)
rCold   . . .      Faith    .   c - +0 buckler
rNeg    + . .      Spirit   .   b - +0 scale mail
rPois   ∞          Reflect  +   f - +0 helmet
rElec   +          Harm     .   (no cloak)
rCorr   .          Rampage  .   (no gloves)
Will    .....                   e - +0 pair of boots
Stlth   ..........              j - amulet of reflection
HPRegen 0.11/turn               (no ring)
MPRegen 0.09/turn               (no ring)

@: under a protective aura
A: sickness immunity, AC +4, negative energy resistance 1, electricity
resistance, torment resistance 1, petrification resistance
a: no special abilities


You were on level 3 of the Dungeon.
You visited 1 branch of the dungeon, and saw 3 of its levels.

You collected 161 gold pieces.

Inventory:

Hand Weapons
 a - a +1 long sword of protection (weapon)
Armour
 b - a +0 scale mail (worn)
 c - a +0 buckler (worn)
 e - a +0 pair of boots (worn)
 f - a +0 helmet (worn)
Jewellery
 j - an amulet of reflection (around neck)
Scrolls
 g - 2 scrolls of identify
Potions
 i - 2 potions of attraction
 k - a potion of resistance
 n - a potion of curing {unknown}


   Skills:
 + Level 3.7 Fighting
 * Level 3.0 Long Blades
 * Level 4.4 Armour
 + Level 1.1 Dodging
 * Level 4.3 Shields


You had 4 spell levels left.
You didn't know any spells.
Your spell library contained the following spells:

 Spells                   Type           Power      Damage    Failure   Level
 Cause Fear               Hex            0%         N/A       100%        4
 Dragon Form              Tmut           0%         N/A       100%        7
 Dragon's Call            Summ           0%         N/A       100%        9


Dungeon Overview and Level Annotations

Branches:
Dungeon (3/15)

Altars:
Ashenzari

Annotations:
D:3 Ijyb


Innate Abilities, Weirdness & Mutations

You are immune to sickness and miasma.
Your stone body is resilient. (AC +4)
You are immune to poison.
You resist negative energy. (rN+)
You are resistant to electric shocks. (rElec)
You are resistant to unholy torment.
You are immune to petrification.


Message History

Ijyb is heavily wounded.
Ijyb hits you but does no damage.
You hit Ijyb.
Ijyb is severely wounded.
Ijyb screams, "Me kill you!" You block Ijyb's attack.
You completely miss Ijyb.
Ijyb is severely wounded.
Ijyb screams, "Get away!"
Ijyb barely misses you. Ijyb hits you but does no damage.
You closely miss Ijyb.
Ijyb is severely wounded.
You block Ijyb's attack.
You barely miss Ijyb.
Ijyb is severely wounded.
Ijyb hits you with a +0 dagger.
You completely miss Ijyb.
Ijyb is severely wounded.
Ijyb zaps a wand.
Your mind is blasted!
Ijyb closely misses you.
You barely miss Ijyb.
Ijyb is severely wounded.
Ijyb hits you but does no damage.
You closely miss Ijyb.
Ijyb is severely wounded.
Ijyb zaps a wand.
Your mind is blasted!
You barely miss Ijyb.
Ijyb is severely wounded.
Ijyb barely misses you.
You hit Ijyb but do no damage.
Your weapon exudes an aura of protection.
Ijyb is severely wounded.
Ijyb hits you but does no damage. You block Ijyb's attack.
You barely miss Ijyb.
Ijyb is severely wounded.
Ijyb zaps a wand.
Your mind is blasted!
You closely miss Ijyb.
Ijyb is severely wounded.
Ijyb zaps a wand.
Your mind is blasted!
Ouch! That really hurt!
You die...

#######.#### #..# #.#
...........# #..# #.#
...........# #..# #.#
...........# #..# #.#
...........# #..# #.#
...........# #..# #.#
...........# #..# #.#
...........####.g# #.#
...........+...>@####.##
...........#####.......#
...........# #########
........ ....#### ..#.#
..#.# ..#.#


You could see Ijyb.

Vanquished Creatures
  An orc priest (D:3)
  An orc wizard (D:3)
  Robin (D:3)
  4 adders
  4 dart slugs
  4 orcs (D:3)
  4 ball pythons
  4 bats
  5 endoplasms
  A giant cockroach (D:1)
  11 goblins
  8 hobgoblins
  3 quokkas (D:1)
  4 frilled lizards
  5 kobolds
  5 rats
65 creatures vanquished.

Notes
Turn   | Place    | Note
-------+----------+-------------------------------------------
     0 | D:1      | timneilson the Gargoyle Fighter began the quest for the
                  | Orb.
     0 | D:1      | Reached XP level 1. HP: 14/14 MP: 1/1
   173 | D:1      | Reached XP level 2. HP: 19/19 MP: 2/2
   665 | D:1      | Reached XP level 3. HP: 20/23 MP: 3/3
  1572 | D:3      | Reached XP level 4. HP: 18/28 MP: 4/4
  1749 | D:3      | Found a broken altar of Ashenzari.
  1754 | D:3      | Saw a vision of the Shoals and the Snake Pit.
  1754 | D:3      | Noticed a wind drake
  1754 | D:3      | Noticed a naga mage
  1754 | D:3      | Noticed a merfolk siren
  1754 | D:3      | Noticed a guardian serpent
  1754 | D:3      | Noticed a mana viper
  1754 | D:3      | Noticed a naga mage
  1754 | D:3      | Noticed a merfolk siren
  1754 | D:3      | Noticed a mana viper
  1754 | D:3      | Noticed a centaur
  1755 | D:3      | Noticed a sea snake
  1755 | D:3      | Noticed a naga
  1915 | D:3      | Reached skill level 1 in Dodging
  1915 | D:3      | Reached XP level 5. HP: 18/33 MP: 5/5
  2070 | D:3      | Noticed Robin
  2096 | D:3      | Killed Robin
  2228 | D:3      | Noticed Ijyb
  2245 | D:3      | Blown up by Ijyb

Illustrated notes

Levels and vault maps discovered:
D:1:      minmay_arrival_shattered_statue, layout_basic
D:2:      layout_rooms, kennysheep_boxes
D:3:      layout_basic, nicolae_qazlal_general_emergency,
          grunt_ashenzari_visionary [grunt_ashenzari_visionary_shoals,
          grunt_ashenzari_visionary_snake], minmay_cut_off, uniq_ijyb,
          uniq_robin

Skill      XL: |  1  2  3  4  5 |
---------------+----------------+-----
Long Blades    | 2 3 |  3.0
Armour         | 4 |  4.4
Shields        | 4 |  4.3
Dodging        | 1 |  1.1
Fighting       | |  3.7

Action                   |  1- 3 |  4- 6 || total
-------------------------+-------+-------++-------
Melee: Long sword        |   147 |   110 ||   257
  Use: Scroll            |     6 |       ||     6
       Potion            |       |     1 ||     1
Armor: Scale mail        |    83 |    54 ||   137
Dodge: Dodged            |    86 |    43 ||   129
Block: Buckler           |    64 |    51 ||   115
       Reflection        |     4 |     1 ||     5

Table legend: (Time is in decaauts)
 A = Elapsed time spent in this place.
 B = Non-inter-level travel time spent in this place.
 C = Inter-level travel time spent in this place.
 D = Time resting spent in this place.
 E = Time spent auto-exploring this place.
 F = Levels seen in this place.
 G = Mean time per level.
                   A        B        C        D        E       F      G
               +--------+--------+--------+--------+--------+-----+--------+
         Total |   2353 |   2297 |     56 |      0 |   1657 |   3 |  784.3 |
       Dungeon |   2353 |   2297 |     56 |      0 |   1657 |   3 |  784.3 |
               +--------+--------+--------+--------+--------+-----+--------+

Top non-repeatable levels by time:
     D:1: 932 daAuts
     D:3: 729 daAuts
     D:2: 691 daAuts
